 Dungeon Crawl Stone Soup version 0.23.2-30-g0e89c35649 (webtiles) character file.

Game seed: 12059557674846439673

16 KamiKatze the Conjurer (level 2, -1/13 HPs)
             Began as a Spriggan Conjurer on June 19, 2019.
             Killed from afar by a dart slug (7 damage)
             ... with a slug dart
             ... on level 1 of the Dungeon.
             The game lasted 00:04:20 (665 turns).

KamiKatze the Conjurer (Spriggan Conjurer)           Turns: 665, Time: 00:04:21

Health: -1/13      AC:  2    Str:  4    XL:     2   Next: 37%
Magic:  5/7        EV: 18    Int: 16    God:
Gold:   56         SH:  0    Dex: 16    Spells: 4/7 levels left

rFire    . . .     SeeInvis +   d - +0 whip
rCold    . . .     Gourm    .   (shield restricted)
rNeg     . . .     Faith    .   a - +0 robe
rPois    .         Spirit   .   (helmet restricted)
rElec    .         Reflect  .   (no cloak)
rCorr    .         Harm     .   (gloves unavailable)
MR       .....                  (boots unavailable)
Stlth    +.........             (no amulet)
HPRegen  0.04/turn              b - ring of attention (curse)
MPRegen  0.10/turn              (no ring)

@: very quick
A: very small, unfitting armour, see invisible, herbivore, speed 3, slow
metabolism 2
a: no special abilities


You were on level 1 of the Dungeon.
You were not hungry.

You visited 1 branch of the dungeon, and saw 1 of its levels.

You collected 56 gold pieces.

Inventory:

Hand Weapons
 d - a +0 whip (weapon)
Armour
 a - a +0 robe (worn)
Jewellery
 b - a cursed ring of attention (left hand)
Scrolls
 e - a scroll of immolation {unknown}
 f - 2 scrolls of identify {unknown}
 g - a scroll of teleportation {unknown}
 h - 2 scrolls of remove curse {unknown}
Comestibles
 c - 2 rations


   Skills:
 + Level 0.3 Fighting
 * Level 0.4 Maces & Flails
 - Level 3.0 Dodging
 - Level 3.0 Stealth
 * Level 3.1 Spellcasting
 * Level 3.1 Conjurations


You had 4 spell levels left.
You knew the following spells:

 Your Spells              Type           Power        Failure   Level  Hunger
a - Magic Dart            Conj           ##..         4%          1    None
b - Searing Ray           Conj           ##....       8%          2    ##.....

Your spell library contained the following spells:

 Spells                   Type           Power        Failure   Level  Hunger
 Dazzling Spray           Conj/Hex       #.....       28%         3    ###....
 Iskenderun's Mystic Bla  Conj           ##......     45%         4    ####...
 Force Lance              Conj/Tloc      #.......     67%         4    ####...
 Fulminant Prism          Conj/Hex       #.........   67%         4    ####...


Dungeon Overview and Level Annotations

Branches:
Dungeon (1/15)

Altars:
Nemelex Xobeh

Annotations:
D:1 exclusion: dart slug


Innate Abilities, Weirdness & Mutations

You are very small and have problems with some larger weapons.
You are too small for most types of armour.
You have supernaturally acute eyesight. (SInv)
You are a herbivore.
You cover ground extremely quickly.
You need to consume almost no food.


Message History

The magic dart hits the goblin.
You kill the goblin!
Casting: Magic Dart (safe; 4% risk of failure)
Confirm with . or Enter, or press ? or * to list all spells.
You can't see any susceptible monsters within range! (Use Z to cast anyway.) Unknown command.
A dart slug comes into view.
Things that are here:
a +0 dagger; a goblin corpse
Casting: Magic Dart (safe; 4% risk of failure)
Confirm with . or Enter, or press ? or * to list all spells.
Aiming: Magic Dart (safe; 4% risk of failure)
Press: ? - help, Shift-Dir - straight line, f - dart slug
Aim: a dart slug (clinging)
The magic dart hits the dart slug.
The dart slug is moderately wounded.
The dart slug launches a dart at you. The slug dart hits you!
Ouch! That really hurt!
You die...

♣P .♣P♣♣ ♣P.♣P♣♣
♣P♣P.P♣ ♣.P...♣♣
####♣♣.♣..P♣
#....♣♣♣P.♣♣
##.######.###.#♣♣.P♣
#...w.....@.#...♣.♣#
#####
#########.#.#.#...#
....# #.#.#.#####
....######## #.#.#.#
...........####...#.#
....##..........###.#
....##..........# #.#
...(##.†........# #.#
....##......... #.#


You could see a dart slug.

Vanquished Creatures
  A bat (D:1)
  A giant cockroach (D:1)
  3 goblins (D:1)
  2 hobgoblins (D:1)
  3 kobolds (D:1)
  3 frilled lizards (D:1)
  A rat (D:1)
14 creatures vanquished.

Notes
Turn   | Place    | Note
-------+----------+-------------------------------------------
     0 | D:1      | KamiKatze the Spriggan Conjurer began the quest for the
                  | Orb.
     0 | D:1      | Reached XP level 1. HP: 9/9 MP: 5/5
    43 | D:1      | Found a sparkling altar of Nemelex Xobeh.
   268 | D:1      | Reached XP level 2. HP: 5/13 MP: 2/7
   272 | D:1      | Learned a level 2 spell: Searing Ray
   665 | D:1      | Killed from afar by a dart slug

Skill      XL: |  1 |
---------------+----+-----
Conjurations   | 3 |  3.1
Spellcasting   | 3 |  3.1
Fighting       | |  0.3
Maces & Flails | |  0.4
Dodging        | |  3.0
Stealth        | |  3.0

Action                   || total
-------------------------++-------
Melee: Whip              ||    28
       Unarmed           ||     1
 Cast: Magic Dart        ||    25
Armor: Robe              ||     2
Dodge: Dodged            ||    22
